 Dungeon Crawl Stone Soup version 0.29-a0-813-g4a14ea37d6 (webtiles) character file.

Game seed: 17869026838321893298

1311 ZappyNine the Fighter (level 8, -1/102 HPs)
             Began as a Barachi Fighter on July 4, 2022.
             Slain by a troll (7 damage)
             ... on level 5 of the Dungeon.
             The game lasted 00:05:57 (5478 turns).

ZappyNine the Fighter (Barachi Fighter)             Turns: 5478, Time: 00:05:58

Health: -1/102     AC: 12    Str: 19    XL:     8   Next: 58%
Magic:  8/8        EV:  9    Int:  8    God:
Gold:   200        SH:  6    Dex: 13    Spells: 7/7 levels left

rFire   . . .      SeeInvis .   a - +0 long sword
rCold   . . .      Faith    .   s - +2 buckler {AC+3}
rNeg    . . .      Spirit   .   b - +0 scale mail
rPois   .          Reflect  .   j - +0 helmet
rElec   .          Harm     .   (no cloak)
rCorr   .          Rampage  .   (no gloves)
Will    .....                   (no boots)
Stlth   ..........              (no amulet)
HPRegen 0.27/turn               (no ring)
MPRegen 0.11/turn               (no ring)

@: berserking (expiring), quick
A: amphibious, slowness 1, strong legs 1, +LOS
a: Hop


You were on level 5 of the Dungeon.
You visited 1 branch of the dungeon, and saw 5 of its levels.

You collected 200 gold pieces.

Inventory:

Hand Weapons
 a - a +0 long sword (weapon)
Missiles
 u - a throwing net
Armour
 b - a +0 scale mail (worn)
 j - a +0 helmet (worn)
 s - a +2 buckler of protection (worn)
Jewellery
 i - an amulet of faith
 q - a ring of poison resistance
Wands
 d - a wand of flame (10)
 t - a wand of roots (9)
Scrolls
 e - a scroll of identify
 f - 3 scrolls of magic mapping {unknown}
 g - a scroll of poison {unknown}
 h - 2 scrolls of teleportation {unknown}
 k - a scroll of torment {unknown}
 m - a scroll of noise {unknown}
 o - a scroll of enchant weapon {unknown}
 r - a scroll of vulnerability {unknown}
Potions
 n - a potion of resistance {unknown}
 p - 4 potions of flight


   Skills:
 + Level 8.1 Fighting
 + Level 7.5 Long Blades
 + Level 7.6 Armour
 - Level 3.2 Shields


You had 7 spell levels left.
You didn't know any spells.
Your spell library contained the following spells:

 Spells                   Type           Power      Damage    Failure   Level
 Magic Dart               Conj           0%         1d3       83%         1
 Call Imp                 Summ           0%         N/A       93%         2
 Mephitic Cloud           Conj/Pois/Air  0%         N/A       99%         3


Dungeon Overview and Level Annotations

Branches:
Dungeon (5/15)
 Temple: D:4-7

Altars:
Kikubaaqudgha
Okawaru
Ru

Shops:
D:1 [

Annotations:
D:4 1 runed translucent door, Crazy Yiuf


Innate Abilities, Weirdness & Mutations

You are amphibious.
You cover ground slowly.
You can hop short distances.
You have an extended range of vision and can be seen from far away.


Message History

The troll barely misses you. x2; The troll claws you but does no damage.
The white imp gestures at you.
The puff of frost hits you but does no damage.
Unknown command.
You barely miss the troll.
The troll is almost dead.
You block the white imp's attack. The troll bites you!
* * * LOW HITPOINT WARNING * * *
The troll barely misses you. The troll closely misses you.
Unknown command.
You closely miss the troll.
The troll is almost dead.
Unknown command.
You hit the troll.
You kill the troll!
The troll leather armour is intact enough to wear.
The white imp misses you.
Your Fighting skill increases to level 8!
Unknown command.
Unknown command.
Unknown command.
Unknown command.
Found four items.
An adder comes into view.
The troll bites you but does no damage. The troll barely misses you. x2
Things that are here:
a +0 troll leather armour; a troll corpse You barely miss the troll.
The white imp hits you but does no damage.
The troll bites you!
* * * LOW HITPOINT WARNING * * *
The troll claws you but does no damage. x2
Unknown command.
You hit the troll.
The troll is lightly wounded.
Unknown command.
You completely miss the troll.
The troll is lightly wounded.
You block the troll's attack. The troll claws you!
You die...

.. ..#
#.###.........
... #..
#...#......# .?#
#c# #..#......#
#.# #.#
#.#......# #[#
#:###.......#
#.# #.#........#
##.###)......†<#
#...#5...#######
#@...##
?...$S.T...##
..........##
###########


You could see a troll, an adder and a white imp.

Vanquished Creatures
  Grinder (D:3)
  A troll (D:5)
  An ice beast (D:5)
  A centaur (D:5)
  A phantom (D:3)
  Blork the orc (D:4)
  A necrophage (D:4)
  2 scorpions
  An orc priest (D:3)
  2 hounds
  2 jellies (D:4)
  A gnoll bouda (D:4)
  An orc wizard (D:4)
  Natasha (D:2)
  5 gnolls (D:4)
  4 adders
  2 worms
  7 dart slugs
  9 orcs
  9 ball pythons
  5 bats
  7 endoplasms
  6 giant cockroaches
  5 goblins
  7 hobgoblins
  2 jackals (D:4)
  10 kobolds
  5 quokkas
  3 frilled lizards
  8 rats
111 creatures vanquished.

Notes
Turn   | Place    | Note
-------+----------+-------------------------------------------
     0 | D:1      | ZappyNine the Barachi Fighter began the quest for the Orb.
     0 | D:1      | Reached XP level 1. HP: 18/18 MP: 1/1
    26 | D:1      | Reached XP level 2. HP: 14/25 MP: 2/2
   218 | D:1      | Reached skill level 4 in Fighting
   320 | D:1      | Found Vohozuv's Armour Shoppe.
   453 | D:1      | Reached XP level 3. HP: 24/31 MP: 3/3
  1122 | D:2      | Reached XP level 4. HP: 18/38 MP: 4/4
  1682 | D:2      | Found a faded altar of an unknown god.
  2000 | D:2      | Noticed Natasha
  2010 | D:2      | Killed Natasha
  2011 | D:2      | Reached skill level 5 in Fighting
  2350 | D:3      | Reached XP level 5. HP: 37/44 MP: 5/5
  2774 | D:3      | Reached XP level 6. HP: 51/51 MP: 6/6
  2898 | D:3      | Reached skill level 5 in Long Blades
  2898 | D:3      | Reached skill level 5 in Armour
  3277 | D:3      | Reached skill level 6 in Fighting
  3372 | D:3      | Noticed Grinder
  3391 | D:3      | Killed Grinder
  3392 | D:3      | Reached XP level 7. HP: 31/59 MP: 7/7
  3802 | D:4      | Found an iron altar of Okawaru.
  3803 | D:4      | Noticed Blork the orc
  3818 | D:4      | Killed Blork the orc
  3819 | D:4      | Reached skill level 7 in Fighting
  4125 | D:4      | Found an ancient bone altar of Kikubaaqudgha.
  4281 | D:4      | Found a sacrificial altar of Ru.
  4574 | D:4      | Reached XP level 8. HP: 36/67 MP: 8/8
  5039 | D:4      | Found a runed translucent door.
  5040 | D:4      | Noticed Crazy Yiuf
  5403 | D:5      | Entered Level 5 of the Dungeon
  5461 | D:5      | Noticed a troll
  5470 | D:5      | Noticed a troll
  5474 | D:5      | Killed a troll
  5475 | D:5      | Reached skill level 8 in Fighting
  5478 | D:5      | Slain by a troll

Illustrated notes

Levels and vault maps discovered:
D:1:      nicolae_arrival_memento_mori, layout_rooms, serial_shops, shop
D:2:      layout_loops_ring, hellmonk_ecumenical_altar_leap_of_faith,
          uniq_natasha
D:3:      layout_loops_ring, minmay_ruptured, uniq_grinder
D:4:      layout_basic, kiku_gazebo_pond_becter, lemuel_doored_altar,
          nicolae_ru_the_path_less_chosen, uniq_blork_the_orc,
          uniq_crazy_yiuf_cottage
D:5:      layout_rooms, nemelex_dance_club_becter, nicolae_uskayaw_dance_hall,
          elyvilon_altar_5, grunt_decor_arrowhead, minmay_manual_mail,
          uniq_edmund

Skill      XL: |  1  2  3  4  5  6  7  8 |
---------------+-------------------------+-----
Fighting       | 4 5 6 7 8 |  8.1
Long Blades    | 3 4 5 6 7 |  7.5
Armour         | 4 5 6 7 |  7.6
Shields        | |  3.2

Action                   |  1- 3 |  4- 6 |  7- 9 || total
-------------------------+-------+-------+-------++-------
Melee: Long sword        |   110 |   225 |   176 ||   511
 Abil: Hop               |     1 |       |       ||     1
  Use: Potion            |       |     6 |     2 ||     8
       Scroll            |       |       |     1 ||     1
Armor: Scale mail        |    54 |    93 |    81 ||   228
Dodge: Dodged            |    58 |    95 |    82 ||   235
Block: Buckler           |    30 |    56 |    56 ||   142

Table legend: (Time is in decaauts)
 A = Elapsed time spent in this place.
 B = Non-inter-level travel time spent in this place.
 C = Inter-level travel time spent in this place.
 D = Time resting spent in this place.
 E = Time spent auto-exploring this place.
 F = Levels seen in this place.
 G = Mean time per level.
                   A        B        C        D        E       F      G
               +--------+--------+--------+--------+--------+-----+--------+
         Total |   6077 |   5928 |    149 |    934 |   3944 |   5 | 1215.4 |
       Dungeon |   6077 |   5928 |    149 |    934 |   3944 |   5 | 1215.4 |
               +--------+--------+--------+--------+--------+-----+--------+

Top non-repeatable levels by time:
     D:4: 1985 daAuts
     D:2: 1578 daAuts
     D:3: 1404 daAuts
     D:1: 1032 daAuts
     D:5: 76 daAuts
